 Dungeon Crawl Stone Soup version 0.26-a0-652-gafc20e3620 (webtiles) character file.

Game seed: 1981310981689712445

37 robertstho the Chiller (level 3, 0/19 HPs)
             Began as a Deep Elf Ice Elementalist on Oct 2, 2020.
             Succumbed to a goblin's poison
             ... on level 1 of the Dungeon.
             The game lasted 00:03:19 (1020 turns).

robertstho the Chiller (Deep Elf Ice Elementalist)  Turns: 1020, Time: 00:03:19

Health: 0/19       AC:  4    Str:  5    XL:     3   Next: 23%
Magic:  9/9        EV: 13    Int: 18    God:
Gold:   37         SH:  0    Dex: 17    Spells: 7/8 levels left

rFire    . . .     SeeInvis .   l - +1 dagger (venom)
rCold    . . .     Faith    .   (no shield)
rNeg     . . .     Spirit   .   a - +0 robe
rPois    .         Reflect  .   (no helmet)
rElec    .         Harm     .   (no cloak)
rCorr    .         Rampage  .   g - +1 pair of gloves
MR       .....                  (no boots)
Stlth    ++........             (no amulet)
HPRegen  0.06/turn              (no ring)
MPRegen  0.11/turn              (no ring)

@: lethally poisoned (0 -> -5), stab
A: agile 1, dopey 1, inhibited regeneration
a: no special abilities


You were on level 1 of the Dungeon.
You visited 1 branch of the dungeon, and saw 1 of its levels.

You collected 37 gold pieces.

Inventory:

Hand Weapons
 b - a +0 dagger of protection
 l - a +1 dagger of venom (weapon)
Missiles
 e - 6 poisoned darts (quivered)
Armour
 a - a +0 robe (worn)
 g - a +1 pair of gloves (worn)
Jewellery
 h - an uncursed amulet of the acrobat {unknown}
 j - an uncursed ring of protection from cold {unknown}
Scrolls
 c - 2 scrolls of blinking


   Skills:
 + Level 2.7 Dodging
 * Level 2.9 Stealth
 + Level 3.3 Spellcasting
 * Level 5.2 Ice Magic


You had 7 spell levels left.
You knew the following spells:

 Your Spells              Type           Power        Failure   Level
a - Freeze                Ice            ###.         1%          1

Your spell library contained the following spells:

 Spells                   Type           Power        Failure   Level
 Frozen Ramparts          Ice            ###...       5%          3
 Ozocubu's Armour         Ice            ###.....     5%          3
 Hailstorm                Conj/Ice       ##......     47%         4
 Summon Ice Beast         Ice/Summ       ##......     47%         4


Dungeon Overview and Level Annotations

Branches:
Dungeon (1/15)

Altars:


Innate Abilities, Weirdness & Mutations

You are agile. (Dex +2)
You are dopey. (Int -2)
You do not regenerate when monsters are visible.


Message History

It was a potion of mutation.
You feel extremely strange.
Your regeneration stops near monsters.
You feel stupid.
You feel agile.
* * * LOW HITPOINT WARNING * * *
You feel sick.
Press: ? - help, Dir - move target cursor
As you read the scroll labeled ISSOLI UJURIE, it crumbles to dust.
It was a scroll of blinking.
As you read the scroll labeled SUCUGI BEKE, it crumbles to dust.
It is a scroll of enchant armour.
Your +0 pair of gloves glows green for a moment.
* * * LOW HITPOINT WARNING * * *
You feel sick.
As you read the scroll labeled UMIRIPRIDICH, it crumbles to dust.
You feel blessed for a moment.
It was a scroll of remove curse.
As you read the scroll labeled UVIRAU HEAMP, it crumbles to dust.
You feel strangely unstable.
It was a scroll of teleportation.
* * * LOW HITPOINT WARNING * * *
You feel sick.
Your surroundings suddenly seem different.
You die...

.....######## ............#
............# ............#
.....##.....# #######
............#########.....#
................@..##.###.#
.......)....######.##.# #.#
.....##..........#.##.# #.#
.....##.#'#.####......# #.#
..............>..#.######.###
.######.#.#.................#
.######.#.######.##.#########
........#.#....#...........
...######.#.......#.######.


There were no monsters in sight!

Vanquished Creatures
  3 dart slugs (D:1)
  2 ball pythons (D:1)
  2 giant cockroaches (D:1)
  4 hobgoblins (D:1)
  3 kobolds (D:1)
  3 bats (D:1)
  A frilled lizard (D:1)
  6 goblins (D:1)
  5 rats (D:1)
29 creatures vanquished.

Notes
Turn   | Place    | Note
-------+----------+-------------------------------------------
     0 | D:1      | robertstho the Deep Elf Ice Elementalist began the quest
                  | for the Orb.
     0 | D:1      | Reached XP level 1. HP: 10/10 MP: 6/6
   217 | D:1      | Reached XP level 2. HP: 9/15 MP: 5/8
   659 | D:1      | Reached skill level 5 in Ice Magic
   693 | D:1      | Reached XP level 3. HP: 19/19 MP: 1/9
  1012 | D:1      | Gained mutation: You do not regenerate when monsters are
                  | visible. [potion of mutation]
  1012 | D:1      | Gained mutation: You are dopey. (Int -2) [potion of
                  | mutation]
  1012 | D:1      | Gained mutation: You are agile. (Dex +2) [potion of
                  | mutation]
  1020 | D:1      | Succumbed to a goblin's poison

Illustrated notes

Levels and vault maps discovered:
D:1:      saegor_arrival_miasma, layout_basic

Skill      XL: |  1  2 |
---------------+-------+-----
Ice Magic      | 5 |  5.2
Dodging        | |  2.7
Stealth        | |  2.9
Spellcasting   | |  3.3

Action                   || total
-------------------------++-------
Melee: Dagger            ||    66
       Unarmed           ||     1
 Cast: Freeze            ||    31
  Use: Scroll            ||     4
       Potion            ||     2
 Stab: Sleeping          ||     1
Armor: Robe              ||    29
Dodge: Dodged            ||    58

Table legend: (Time is in decaauts)
 A = Elapsed time spent in this place.
 B = Non-inter-level travel time spent in this place.
 C = Inter-level travel time spent in this place.
 D = Time resting spent in this place.
 E = Time spent auto-exploring this place.
 F = Levels seen in this place.
 G = Mean time per level.
                   A        B        C        D        E       F      G
               +--------+--------+--------+--------+--------+-----+--------+
         Total |   1019 |   1019 |      0 |     53 |    722 |   1 | 1019.0 |
       Dungeon |   1019 |   1019 |      0 |     53 |    722 |   1 | 1019.0 |
               +--------+--------+--------+--------+--------+-----+--------+

Top non-repeatable levels by time:
     D:1: 1019 daAuts
